 Dungeon Crawl Stone Soup version 0.31-a0-246-g8cbcc1cb85 (webtiles) character file.

Game seed: 14298923987627937119

21 qw the Shooter (level 2, -10/17 HPs)
             Began as a Gargoyle Hexslinger on July 12, 2023.
             Mangled by a gnoll
             ... wielding a +0 halberd
              (13 damage)
             ... on level 2 of the Dungeon.
             The game lasted 00:00:18 (590 turns).

qw the Shooter (Gargoyle Hexslinger)                 Turns: 590, Time: 00:00:18

Health: -10/17     AC:  7    Str: 11    XL:     2   Next: 83%
Magic:  3/3        EV: 10    Int: 13    God:
Gold:   24         SH:  0    Dex: 12    Spells: 2/3 levels left

rFire   + . .        Y - +1 sling
rCold   + . .        (no shield)
rNeg    + + .        m - +0 ring mail
rPois   inf          (no helmet)
rElec   +            e - scarf {rC+ rF+}
rCorr   .            (no gloves)
SInv    .            (no boots)
Will    .....        (no amulet)
Stlth   +            l - ring of positive energy
HPRegen 0.22/turn    (no ring)
MPRegen 0.08/turn

%: no passive effects
@: no status effects
A: sickness immunity, AC +2, negative energy resistance 1, electricity
resistance, torment resistance 1, petrification resistance
a: no special abilities


You were on level 2 of the Dungeon.
You visited 1 branch of the dungeon, and saw 2 of its levels.

You collected 24 gold pieces.


Innate Abilities, Weirdness & Mutations

You are immune to sickness and miasma.
Your stone body is resilient. (AC +2)
You are immune to poison.
You resist negative energy. (rN+)
You are resistant to electric shocks. (rElec)
You are resistant to unholy torment.
You are immune to petrification.


   Skills:
 + Level 1.7 Fighting
 - Level 3.0 Ranged Weapons
 - Level 1.5 Dodging
 - Level 1.0 Spellcasting
 - Level 2.6 Hexes


You had 2 spell levels left.
You knew the following spells:

 Your Spells              Type           Power      Damage    Failure   Level
a - Slow                  Hex            28%        N/A       22%         1

Your spell library contained the following spells:

 Spells                   Type           Power      Damage    Failure   Level
 Inner Flame              Hex/Fire       4%         N/A       75%         3
 Portal Projectile        Hex/Tloc       8%         N/A       75%         3
 Cause Fear               Hex            3%         N/A       92%         4

Inventory:

Hand Weapons
 Y - a +1 sling (weapon)
Armour
 e - a scarf of resistance (worn)
 m - a +0 ring mail (worn)
Jewellery
 l - a ring of positive energy (left hand)
Potions
 j - a potion of lignification {unknown}
 k - a potion of berserk rage {unknown}

Dungeon Overview and Level Annotations

Branches:
Dungeon (2/15)

Altars:


Message History

(D) Dungeon
Where to? (* - list waypoints, ? - help)
What level of the Dungeon? (default 1, ? - help)
There is a stone staircase leading down here.
You climb downwards.
Your summoned allies are left behind.
Found a flail.
There is a stone staircase leading up here.
Waypoint 1 assigned to D:2. 2 gnolls and a worm come into view.
The gnoll shouts! x2; You hear a shout!
The gnoll moves out of view.
The worm moves out of view.
A gnoll comes into view. It is wielding a +0 halberd.
582 ||| Stepping ~*~*~tactically~*~*~ (outnumbered).
The gnoll moves out of view.
You shoot a sling bullet.
The sling bullet barely misses the gnoll.
You shoot a sling bullet. The sling bullet hits the gnoll.
The gnoll is moderately wounded.
The gnoll barely misses you.
You shoot a sling bullet.
The sling bullet completely misses the gnoll.
The gnoll hits you from afar with a +0 halberd!
Ouch! That really hurt!
The gnoll hits you but does no damage.
A gnoll comes into view. It is wielding a +0 club.
586 ||| Stepping ~*~*~tactically~*~*~ (outnumbered).
You shoot a sling bullet.
The sling bullet closely misses the gnoll.
You shoot a sling bullet.
The sling bullet barely misses the gnoll.
The gnoll hits you from afar with a +0 halberd.
You shoot a sling bullet.
The sling bullet barely misses the worm.
The gnoll barely misses you. The worm closely misses you.
The gnoll completely misses you.
You shoot a sling bullet.
The sling bullet barely misses the worm.
The gnoll hits you from afar with a +0 halberd!
Ouch! That really hurt!
You die...

#####.#.# .# ##
........##.# ...
..#.........# ..g.
#......#.#..##....
......#.#......g.
#......g........
#.....w#.g$...g.
#.##@#.# #......##
#.......#
#......)#
#.......#
#.......#
#.......#
#.......#
#..<....#


You could see a worm and a gnoll.

Vanquished Creatures
  A ball python (D:1)
  2 bats (D:1)
  An endoplasm (D:1)
  2 giant cockroaches (D:1)
  A goblin (D:1)
  3 hobgoblins (D:1)
  2 kobolds (D:1)
  2 frilled lizards (D:1)
  5 rats (D:1)
19 creatures vanquished.

Notes
Turn   | Place    | Note
-------+----------+-------------------------------------------
     0 | D:1      | qw the Gargoyle Hexslinger began the quest for the Orb.
     0 | D:1      | Reached XP level 1. HP: 12/12 MP: 2/2
     0 | D:1      | 0 ||| qw: Version: 0.3-a-52-g30416fa
     0 | D:1      | 0 ||| qw: Game counter: 6274
     0 | D:1      | 0 ||| qw: Melee chars always use a shield: true
     0 | D:1      | 0 ||| qw: God list: Okawaru
     0 | D:1      | 0 ||| qw: Allow faded altars: false
     0 | D:1      | 0 ||| qw: Do Orc after clearing Dungeon:15 true
     0 | D:1      | 0 ||| qw: Do second Lair branch before Depths: true
     0 | D:1      | 0 ||| qw: Lair rune preference: random
     0 | D:1      | 0 ||| qw: Goals: Normal
     0 | D:1      | 0 ||| PLANNING D:1-11
   140 | D:1      | Found a faded altar of an unknown god.
   166 | D:1      | Reached XP level 2. HP: 16/16 MP: 3/3
   242 | D:1      | Reached skill level 3 in Ranged Weapons
   518 | D:1      | 518 ||| UPGRADING to scarf of resistance.
   523 | D:1      | 523 ||| UPGRADING to +0 leather armour.
   533 | D:1      | 533 ||| DROPPING +0 robe.
   534 | D:1      | 534 ||| UPGRADING to +0 ring mail.
   544 | D:1      | 544 ||| DROPPING +0 leather armour.
   545 | D:1      | 545 ||| UPGRADING to ring of positive energy.
   546 | D:1      | 546 ||| READING scroll labelled MESUCV DEYTHRO.
   547 | D:1      | 547 ||| READING scroll labelled IVITIAKH NALA.
   548 | D:1      | 548 ||| READING scroll labelled OSETIQ GUPTUID.
   549 | D:1      | 549 ||| READING scroll labelled WACHOH QEPHUOF.
   550 | D:1      | 550 ||| READING scroll labelled JOKAAVV RAMUED.
   551 | D:1      | 551 ||| DROPPING scroll of poison.
   582 | D:2      | 582 ||| Stepping ~*~*~tactically~*~*~ (outnumbered).
   586 | D:2      | 586 ||| Stepping ~*~*~tactically~*~*~ (outnumbered).
   588 | D:2      | HP: 3/17 [gnoll/+0 halberd (4)]
   590 | D:2      | Mangled by a gnoll

Levels and vault maps discovered:
D:1:      ncdulo_wetmaze, layout_basic, shapermc_ecumenical_altar_pompeii
D:2:      layout_loops_cross, fountainhead

Skill      XL: |  1  2 |
---------------+-------+-----
Ranged Weapons | 3 |  3.0
Fighting       | |  1.7
Dodging        | |  1.5
Spellcasting   | |  1.0
Hexes          | |  2.6

Action                     || total
---------------------------++-------
   Fire: Sling             ||    54
    Use: Scroll            ||     5
 Armour: Robe              ||     5
         Ring mail         ||     1
  Dodge: Dodged            ||    17

Table legend:
 A = Non-vault XP
 B = Vault XP
 C = Vault XP percentage of total XP
 D = Non-vault monster count
 E = Vault monster count
 F = Vault count percentage of total count
                 A         B        C        D         E       F
            +---------+---------+-------+---------+---------+-------
      Total |      30 |       0 |   0.0 |      19 |       0 |   0.0
            +---------+---------+-------+---------+---------+-------
        D:1 |      30 |       0 |   0.0 |      19 |       0 |   0.0
            +---------+---------+-------+---------+---------+-------
